 Dungeon Crawl Stone Soup version 0.29-a0-664-gff9cad4a3d (webtiles) character file.

Game seed: 993464657520309036

121 Newt the Skirmisher (level 4, 0/55 HPs)
             Began as a Demonspawn Abyssal Knight on June 21, 2022.
             Was a Priest of Lugonu.
             Succumbed to a gnoll's poison
             ... on level 3 of the Dungeon on June 22, 2022.
             The game lasted 00:09:50 (1695 turns).

Newt the Skirmisher (Demonspawn Abyssal Knight)     Turns: 1695, Time: 00:09:51

Health: 0/55       AC: 22    Str: 15    XL:     4   Next: 77%
Magic:  6/6        EV:  2    Int: 11    God:    Lugonu [***...]
Gold:   106        SH:  0    Dex: 20    Spells: 3/3 levels left

rFire   . . .      SeeInvis .   a - +1 spear
rCold   . . .      Faith    .   (no shield)
rNeg    . . .      Spirit   .   (body armour currently unavailable)
rPois   +          Reflect  .   (helmet currently unavailable)
rElec   .          Harm     .   (cloak currently unavailable)
rCorr   +          Rampage  .   (gloves currently unavailable)
Will    .....      NoTele   +   (boots currently unavailable)
Stlth   ++........              (no amulet)
HPRegen 0.18/turn               o - +6 ring of dexterity
MPRegen 0.10/turn               i - ring of resist corrosion

@: mighty, brilliant, lethally poisoned (0 -> -4), tree-form
A: stationary, stasis, torment immunity, boosted hp, (yellow scales 1), demonic
guardian 1
a: Renounce Religion, Depart the Abyss, Bend Space, Banish


You were on level 3 of the Dungeon.
You worshipped Lugonu.
Lugonu was most pleased with you.
You were a tree.
You visited 1 branch of the dungeon, and saw 3 of its levels.
You visited the Abyss 1 time.

You collected 106 gold pieces.

Inventory:

Hand Weapons
 a - a +1 spear (weapon)
 q - a +0 club
Armour
 b - a +0 leather armour
 g - a +0 chain mail (melded)
 j - a +0 helmet (melded)
 l - a +0 pair of boots (melded)
Magical Staves
 h - a staff of cold
Jewellery
 i - a ring of resist corrosion (right branch)
 o - a +6 ring of dexterity (left branch)
Wands
 n - a wand of iceblast (8)
Scrolls
 c - 2 scrolls of teleportation
 m - a scroll of vulnerability
Potions
 k - a potion of lignification


   Skills:
 + Level 4.1 Fighting
 + Level 2.9 Polearms
 + Level 2.6 Armour
 - Level 1.0 Dodging
 * Level 2.8 Invocations


You had 3 spell levels left.
You didn't know any spells.
Your spell library contained the following spells:

 Spells                   Type           Power      Damage    Failure   Level
 Sandblast                Erth           0%         2d4       34%         1
 Passwall                 Tmut/Erth      0%         N/A       47%         2
 Scorch                   Fire           0%         2d5       47%         2
 Stone Arrow              Conj/Erth      0%         3d7       71%         3
 Flame Wave               Conj/Fire      0%         2d4       98%         4
 Summon Cactus Giant      Summ           0%         N/A       100%        6


Dungeon Overview and Level Annotations

Branches:
Dungeon (3/15)

Altars:


Innate Abilities, Weirdness & Mutations

You are a tree.
Your roots penetrate the ground, keeping you stationary.
You cannot be teleported.
You are immune to unholy pain and torment.
Your maximum health is greatly increased.
Your equipment is partially melded.
((You are partially covered in yellow scales. (AC +2)))
A weak demonic guardian rushes to your aid.


Message History

You are lethally poisoned!
* * * LOW HITPOINT WARNING * * *
You feel very sick.
Your quasit closely misses the gnoll.
Your quasit claws the gnoll but does no damage. x2
It was a potion of brilliance.
You feel clever all of a sudden.
* * * LOW HITPOINT WARNING * * *
You feel very sick.
Your quasit barely misses the gnoll.
Your quasit closely misses the gnoll.
Your quasit claws the gnoll but does no damage.
Your quasit bites the gnoll.
Your quasit barely misses the gnoll.
Your quasit claws the gnoll but does no damage.
The gnoll barely misses your quasit.
* * * LOW HITPOINT WARNING * * *
You feel sick.
Your quasit bites the gnoll.
Your quasit claws the gnoll. x2
The gnoll misses your quasit.
It was a potion of lignification.
You turn into a tree.
Your +0 helmet melds into your body.
Your +0 pair of boots melds into your body.
Your +0 chain mail melds into your body.
Your roots penetrate the ground.
* * * LOW HITPOINT WARNING * * *
You feel sick.
Your quasit bites the gnoll.
Your quasit claws the gnoll.
The gnoll dies!
Lugonu accepts your kill.
It was a potion of might.
You feel very mighty all of a sudden.
* * * LOW HITPOINT WARNING * * *
You feel sick.
Unknown command.
There is a lethal amount of poison in your body!
There is a lethal amount of poison in your body!
There is a lethal amount of poison in your body!
There is a lethal amount of poison in your body!
There is a lethal amount of poison in your body!
As you read the scroll labelled WUARUW FYIR, it crumbles to dust.
You hear a loud clanging noise!
It was a scroll of noise.
You die...

#.###....##....#..#.
#<.##....##.........
#..............#....
#......#....#....... #######
#.#.............###. #.....#
#.#.............#### #.....#
#.#...)............. #.....#
#.#..........#...###
#.....######..♣.5.......#####
#............#####......#
#.............###.......#
#....>#####.............#######
#.....#####.##.##..............
#######.......................#
#......######..########..
#..##### ##.# ### #### #.# ##


You could see a friendly quasit (summoned).

Vanquished Creatures
  3 gnolls
  4 adders
  2 dart slugs
  3 endoplasms
  2 giant cockroaches
  2 hobgoblins
  3 jackals (D:2)
  2 kobolds (D:1)
  2 quokkas
  3 ball pythons
  4 bats
  A frilled lizard (D:1)
  2 goblins (D:1)
  2 rats
35 creatures vanquished.

Vanquished Creatures (collateral kills)
  2 gnolls (D:3)
2 creatures vanquished.

Grand Total: 37 creatures vanquished

Notes
Turn   | Place    | Note
-------+----------+-------------------------------------------
     0 | Abyss:1  | Newt the Demonspawn Abyssal Knight began the quest for the
                  | Orb.
     0 | Abyss:1  | Reached XP level 1. HP: 18/18 MP: 2/2
    41 | Abyss:1  | Noticed a chaos spawn
    44 | D:1      | Escaped the Abyss
   388 | D:1      | Gained mutation: You are partially covered in yellow
                  | scales. (AC +2) [demonic ancestry]
   388 | D:1      | Reached XP level 2. HP: 24/24 MP: 3/3
   624 | D:1      | Found a faded altar of an unknown god.
   796 | D:2      | Reached *** piety under Lugonu
   893 | D:2      | Upgraded the game from 0.29-a0-653-gd47aff6735 to
                  | 0.29-a0-664-gff9cad4a3d
   909 | D:3      | Gained mutation: A weak demonic guardian rushes to your
                  | aid. [demonic ancestry]
   909 | D:3      | Reached XP level 3. HP: 27/30 MP: 4/4
  1389 | D:2      | Reached XP level 4. HP: 29/37 MP: 5/5
  1424 | D:2      | Reached skill level 4 in Fighting
  1539 | D:2      | Reached skill level 1 in Dodging
  1694 | D:3      | HP: 1/55 [poisoned by a gnoll]
  1695 | D:3      | Succumbed to a gnoll's poison

Illustrated notes

Levels and vault maps discovered:
D:1:      eino_arrival_druids_welcome, layout_loops_ring,
          hellmonk_ecumenical_altar_crossroads
D:2:      layout_basic, minmay_misc_feat_more_columns
D:3:      layout_rooms, skrybe_limestone_x, minmay_puff

Skill      XL: |  1  2  3  4 |
---------------+-------------+-----
Polearms       | 2 |  2.9
Armour         | 2 |  2.6
Fighting       | 4 |  4.1
Dodging        | 1 |  1.0
Invocations    | |  2.8

Action                   |  1- 3 |  4- 6 || total
-------------------------+-------+-------++-------
Melee: Spear             |   127 |    54 ||   181
       Punch             |       |     1 ||     1
  Use: Scroll            |     3 |     1 ||     4
       Potion            |     1 |     4 ||     5
Armor: Leather armour    |    14 |       ||    14
       Chain mail        |    51 |    37 ||    88
Dodge: Dodged            |    51 |    17 ||    68

Table legend: (Time is in decaauts)
 A = Elapsed time spent in this place.
 B = Non-inter-level travel time spent in this place.
 C = Inter-level travel time spent in this place.
 D = Time resting spent in this place.
 E = Time spent auto-exploring this place.
 F = Levels seen in this place.
 G = Mean time per level.
                   A        B        C        D        E       F      G
               +--------+--------+--------+--------+--------+-----+--------+
         Total |   1692 |   1691 |      1 |    480 |    114 |   4 |  423.0 |
       Dungeon |   1648 |   1647 |      1 |    480 |     75 |   3 |  549.3 |
         Abyss |     44 |     44 |      0 |      0 |     39 |   1 |   44.0 |
               +--------+--------+--------+--------+--------+-----+--------+

Top non-repeatable levels by time:
     D:1: 653 daAuts
     D:2: 603 daAuts
     D:3: 391 daAuts
 Abyss:1: 44 daAuts
